Map: Neu-Gettysburg LE

Players

AllHailLulu

  • Race: Zerg Zerg

KeepoPrism - Winner!

  • Race: Protoss Protoss

VOD

Have the link to the VOD?

Description

Time

  • Played on: Oct. 19, 2016, 1:10 p.m.
  • Length: 10:52
Show
View Real Time Build Order
Export as new Build Order

AllHailLulu Zerg 

Build Orders: Hatch First 

Get SALT Encoding   

  12  0:00  Drone  
  13  0:14  Overlord  
  13  0:18  Drone  
  14  0:33  Drone x2  
  16  0:36  Drone  
  17  0:52  Drone  
  18  1:00  Unknown, Hatchery  
  18  1:03  Drone  
  18  1:18  Spawning Pool  
  17  1:21  Drone  
  17  1:23  Extractor  
  17  1:27  Drone  
  17  1:31  Drone  
  19  1:40  Overlord  
  19  2:04  Queen  
  19  2:05  Zergling x4  
  23  2:11  Unknown  
  23  2:12  Queen  
  23  2:13  Drone  
  26  2:23  Metabolic Boost  
  26  2:36  Unknown, Hatchery  
  25  2:38  Drone  
  25  2:44  Drone x2  
  28  2:47  Drone  
  29  2:54  Drone x2  
  31  3:00  Pneumatized Carapace  
  31  3:07  Overlord  
  31  3:11  Drone  
  31  3:12  Drone  
  33  3:14  Drone  
  33  3:17  Drone  
  35  3:22  Evolution Chamber  
  34  3:27  Queen  
  34  3:32  Drone  
  34  3:33  Drone  
  38  3:35  Drone  
  38  3:37  Drone  
  40  3:46  Baneling Nest  
  40  3:47  Unknown  
  39  3:50  Extractor  
  39  3:51  Drone x2  
  39  3:52  Drone x2  
  39  3:54  Zergling x2  
  43  4:00  Zerg Melee Weapons Level 1  
  43  4:05  Drone x3  
  43  4:08  Overlord  
  46  4:11  Overlord  
  46  4:17  Zergling x2  
  46  4:18  Zergling x4  
  46  4:19  Zergling x2  
  50  4:28  Zergling x8  
  54  4:34  Roach Warren  
  54  4:36  Spore Crawler  
  52  4:39  Spore Crawler  
  52  4:41  Spore Crawler  
  52  4:45  Zergling x4  
  52  4:49  Zergling x4  
  54  4:57  Zergling x4  
  54  4:58  Zergling x6  
  59  5:00  Zergling x2  
  59  5:06  Zergling x6  
  62  5:15  Roach  
  64  5:21  Overlord x2  
  64  5:28  Lair  
  63  5:37  Drone x2  
  63  5:38  Drone  
  66  5:43  Drone  
  66  5:46  Roach x2  
  66  5:47  Roach x3  
  66  5:48  Roach  
  79  5:50  Roach  
  78  6:01  Roach x3  
  80  6:07  Drone x3  
  79  6:15  Drone x3  
  79  6:16  Drone  
  79  6:18  Drone  
  81  6:21  Drone x2  
  79  6:33  Extractor  
  79  6:34  Drone x2  
  79  6:35  Drone x3  
  81  6:40  Overlord x2  
  81  6:43  Glial Reconstitution  
  81  6:52  Centrifical Hooks  
  81  6:59  Overlord x2  
  81  7:02  Drone x2  
  82  7:17  Drone x3  
  82  7:18  Drone x2  
  82  7:20  Extractor, Drone  
  82  7:21  Zergling x14  
  82  7:22  Zergling x6  
  95  7:30  Ravager x5  
  95  7:31  Zergling x8  
  95  7:33  Zergling x2  
  102  7:40  Baneling  
  102  7:41  Baneling x9  
  102  7:43  Baneling, Zergling x2  
  103  7:44  Zergling x4  
  103  7:49  Zergling x8  
  107  7:58  Baneling  
  107  7:59  Baneling x5, Zergling x2  
  107  8:00  Zergling x8  
  112  8:07  Zergling x2  
  112  8:09  Overlord x2  
  109  8:19  Zergling x4  
  90  8:20  Zergling x16  
  90  8:25  Roach  
  90  8:26  Roach  
  66  8:42  Roach  
  66  8:43  Roach x6  
  67  8:50  Zergling x2  
  67  8:51  Zergling x10  
  72  8:55  Roach  
  72  8:56  Overseer  
  70  9:11  Roach x4  
  72  9:25  Zergling x2  
  72  9:26  Zergling x12  
  79  9:31  Ravager  
  79  9:33  Ravager  
  79  9:35  Zergling x2  
  79  9:36  Zergling x4  
  84  9:43  Zergling x2  
  77  9:53  Zergling x2  
  77  9:54  Zergling x2  
  69  10:03  Baneling  
  69  10:04  Baneling x6  
  69  10:06  Zergling x2  
  72  10:07  Zergling x6  
  72  10:08  Ravager  
  72  10:09  Ravager x6  
  67  10:25  Zergling x2  
  67  10:26  Zergling x14  
Show
View Real Time Build Order
Export as new Build Order

KeepoPrism Protoss - Winner!

Build Orders: Zealot Archon, Dark Templar Rush 

Get SALT Encoding   

  12  0:01  Probe (Chrono Boost)  
  13  0:11  Probe (Chrono Boost)  
  14  0:19  Pylon  
  14  0:22  Probe (Chrono Boost)  
  15  0:38  Probe (Chrono Boost)  
  16  0:48  Probe (Chrono Boost)  
  17  1:14  Nexus, Unknown  
  17  1:20  Probe (Chrono Boost)  
  17  1:22  Gateway  
  18  1:29  Assimilator  
  18  1:30  Assimilator  
  18  1:35  Probe (Chrono Boost)  
  19  1:45  Probe (Chrono Boost)  
  20  1:56  Probe (Chrono Boost)  
  21  2:06  Probe (Chrono Boost)  
  22  2:09  Cybernetics Core  
  22  2:17  Probe (Chrono Boost)  
  23  2:23  Zealot  
  23  2:25  Unknown  
  23  2:28  Probe (Chrono Boost)  
  23  2:29  Probe (Chrono Boost)  
  27  2:38  Probe (Chrono Boost)  
  27  2:41  Probe (Chrono Boost)  
  29  2:46  Stalker, Warp Gate  
  29  2:49  Probe (Chrono Boost)  
  32  2:53  Probe (Chrono Boost)  
  32  2:56  Twilight Council  
  33  3:02  Pylon  
  34  3:06  Probe (Chrono Boost)  
  34  3:09  Probe (Chrono Boost)  
  35  3:17  Probe (Chrono Boost)  
  36  3:25  Robotics Facility  
  36  3:26  Probe (Chrono Boost)  
  37  3:27  Probe (Chrono Boost)  
  38  3:36  Dark Shrine  
  38  3:38  Probe (Chrono Boost)  
  38  3:41  Mothership Core (Chrono Boost)  
  41  3:47  Assimilator  
  41  3:48  Probe (Chrono Boost), Assimilator  
  42  3:59  Probe x2 (Chrono Boost)  
  42  4:02  Gateway  
  44  4:03  Gateway  
  44  4:09  Probe (Chrono Boost)  
  45  4:11  Gateway  
  45  4:13  Probe (Chrono Boost)  
  46  4:25  Pylon x2  
  46  4:38  Pylon, Warp Prism  
  46  4:43  Probe (Chrono Boost)  
  46  4:45  Probe (Chrono Boost)  
  50  4:54  Pylon  
  50  4:57  Probe (Chrono Boost)  
  50  4:59  Dark Templar x2  
  55  5:00  Dark Templar  
  55  5:05  Dark Templar  
  59  5:07  Probe (Chrono Boost)  
  59  5:11  Archon x2  
  60  5:16  Gateway  
  60  5:18  Gateway  
  60  5:19  Immortal  
  64  5:38  Pylon  
  64  5:40  Charge  
  64  5:47  Gateway  
  64  5:48  Gateway  
  63  6:06  Sentry x4  
  71  6:12  Immortal  
  75  6:22  Zealot, Pylon  
  75  6:23  Zealot  
  77  6:35  Zealot  
  77  6:36  Zealot x3  
  85  6:50  Pylon  
  85  6:51  Pylon x2  
  85  6:58  Probe (Chrono Boost)  
  86  7:12  Zealot x5  
  86  7:13  Zealot x2  
  100  7:18  Pylon  
  100  7:38  Pylon  
  100  7:39  Dark Templar x4  
  100  7:41  Dark Templar  
  100  7:43  Dark Templar  
  112  7:47  Archon x2  
  112  7:48  Archon  
  112  7:51  Zealot x2  
  105  8:16  Warp Prism  
  81  8:22  Zealot x6  
  77  8:47  Dark Templar x4  
  77  8:48  Dark Templar x2  
  83  8:53  Archon x3  
  79  9:04  Zealot x2  
  79  9:21  Zealot x6  
  75  9:39  Dark Templar x2  
  79  9:48  Archon  
  79  9:49  Zealot x2  
  79  9:50  Zealot x2  
  87  9:58  Zealot x2  
  87  10:15  Dark Templar x3  
  87  10:18  Dark Templar  
  81  10:30  Archon  
  81  10:35  Zealot x5  
Tags
 
Add a new tag
Caveats
  • Supply blocks, unpowered buildings, or Contaminate may cause inaccurate times.
  • Supply counts are checked every 10 seconds.